| TOP OF THE 1ST |
|
Williamsport Greys batting - Pitching for Niagara Falls Rapids : LHP Steven Oliver
|
|
Pitching: LHP Steven Oliver
|
|
|
Batting: SHB Bruce Stocker
|
0-0: Called Strike 0-1: Ball 1-1: Called Strike 1-2: Ball 2-2: Ball 3-2: Base on Balls
|
|
Batting: SHB Chris Howard
|
0-0: Foul Ball, location: 2F 0-1: Foul Ball, location: 2F 0-2: Ball 1-2: Ball 2-2: Ball 3-2: TRIPLE (Flyball, 89XD, EV 93.1 MPH) Bruce Stocker scores
|
|
Batting: RHB Rodney Martin
|
0-0: Fly out, F8 (Line Drive, 8LM, EV 106.3 MPH) Runner from 3rd tags up, OUT at HOME! 8-2
|
|
Batting: RHB Manny Rivera
|
0-0: Swinging Strike 0-1: Swinging Strike 0-2: Ball 1-2: Ball 2-2: Fly out, F5 (Popup, 5, EV 54.4 MPH)
|
| Top of the 1st over - 1 run, 1 hit, 0 errors, 0 left on base; Williamsport 1 - Niagara Falls 0 |
| BOTTOM OF THE 1ST |
|
Niagara Falls Rapids batting - Pitching for Williamsport Greys : LHP Ron Krauss
|
|
Pitching: LHP Ron Krauss
|
|
|
Batting: LHB John Gibbons
|
0-0: Ball 1-0: Ground out 6-3 (Groundball, 6, EV 100.6 MPH)
|
|
Batting: LHB Joe Vavra
|
0-0: Called Strike 0-1: Ball 1-1: Ball 2-1: Ball 3-1: Base on Balls
|
|
Batting: LHB John Rubel
|
0-0: Ball 1-0: Ball 2-0: Called Strike 2-1: Called Strike 2-2: Foul Ball, location: 2F 2-2: Fly out, F8 (Flyball, 89M, EV 85.6 MPH)
|
|
Batting: LHB Thomas Krupa
|
0-0: Ball 1-0: Ball 2-0: Called Strike 2-1: Ball 3-1: Fly out, F9 (Line Drive, 9, EV 92.5 MPH)
|
| Bottom of the 1st over - 0 runs, 0 hits, 0 errors, 1 left on base; Williamsport 1 - Niagara Falls 0 |
| TOP OF THE 2ND |
|
Williamsport Greys batting - Pitching for Niagara Falls Rapids : LHP Steven Oliver
|
|
Batting: RHB Eddie Williams
|
0-0: Ball 1-0: Ball 2-0: Ball 3-0: Foul Ball, location: 2F 3-1: Called Strike 3-2: Foul Ball, location: 2F 3-2: Base on Balls
|
|
Batting: SHB Edwin Darling
|
0-0: Called Strike 0-1: Swinging Strike 0-2: Foul Ball, location: 2F 0-2: Ball 1-2: Foul Ball, location: 2F 1-2: Ball Passed Ball! Eddie Williams to second 2-2: Foul Ball, location: 2F 2-2: Ball 3-2: Foul Ball, location: 2F 3-2: SINGLE (Line Drive, 7S, EV 93.1 MPH) Eddie Williams to third Runner from 3rd tries for Home, SAFE, throw by LF to home
|
|
Batting: RHB Billy Loard
|
0-0: Called Strike 0-1: Ball 1-1: Called Strike 1-2: Foul Ball, location: 2F 1-2: Strikes out swinging
|
|
Batting: RHB Brad Luther
|
0-0: Ball 1-0: Ball Wild Pitch! Edwin Darling to second 2-0: DOUBLE (Line Drive, 3D, EV 96.3 MPH) Edwin Darling scores
|
|
Batting: RHB Alonzo Powell
|
0-0: Called Strike 0-1: Ball 1-1: Ball 2-1: Ball 3-1: Base on Balls
|
|
Batting: SHB Bruce Stocker
|
0-0: Ball 1-0: Swinging Strike 1-1: Ball 2-1: DOUBLE (Line Drive, 89D, EV 103.1 MPH) Brad Luther scores Alonzo Powell to third Runner from 3rd tries for Home, SAFE, no throw by CF
|
|
Batting: SHB Chris Howard
|
0-0: Called Strike 0-1: Fly out, F6 (Popup, 6MS, EV 80.0 MPH)
|
|
Batting: RHB Rodney Martin
|
0-0: Called Strike 0-1: Foul Ball, location: 2F 0-2: Ball Passed Ball! Bruce Stocker to third 1-2: Ball 2-2: Ball 3-2: Ground out 5-3 (Groundball, 5, EV 106.3 MPH)
|
| Top of the 2nd over - 4 runs, 3 hits, 0 errors, 1 left on base; Williamsport 5 - Niagara Falls 0 |
| BOTTOM OF THE 2ND |
|
Niagara Falls Rapids batting - Pitching for Williamsport Greys : LHP Ron Krauss
|
|
Batting: RHB Milo Choate
|
0-0: Swinging Strike 0-1: Ball 1-1: Foul Ball, location: 2F 1-2: Strikes out swinging
|
|
Batting: LHB Brad Winkler
|
0-0: Ball 1-0: Foul Ball, location: 2F 1-1: Fly out, F8 (Line Drive, 8RD, EV 108.1 MPH)
|
|
Batting: RHB Jeff Schaefer
|
0-0: Called Strike 0-1: Ball 1-1: Ball 2-1: Ground out 6-3 (Groundball, 56, EV 89.4 MPH)
|
| Bottom of the 2nd over - 0 runs, 0 hits, 0 errors, 0 left on base; Williamsport 5 - Niagara Falls 0 |
| TOP OF THE 3RD |
|
Williamsport Greys batting - Pitching for Niagara Falls Rapids : LHP Steven Oliver
|
|
Batting: RHB Manny Rivera
|
0-0: Swinging Strike 0-1: Swinging Strike 0-2: Ball 1-2: Ball 2-2: Foul Ball, location: 2F 2-2: Foul Ball, location: 2F 2-2: Strikes out swinging
|
|
Batting: RHB Eddie Williams
|
0-0: Ball 1-0: Ball 2-0: Called Strike 2-1: Ball 3-1: Called Strike 3-2: Strikes out swinging, 2-3 out at first.
|
|
Batting: SHB Edwin Darling
|
0-0: Ball 1-0: Called Strike 1-1: Foul Ball, location: 2F 1-2: Strikes out looking
|
| Top of the 3rd over - 0 runs, 0 hits, 0 errors, 0 left on base; Williamsport 5 - Niagara Falls 0 |
| BOTTOM OF THE 3RD |
|
Niagara Falls Rapids batting - Pitching for Williamsport Greys : LHP Ron Krauss
|
|
Batting: LHB Eric Brock
|
0-0: Ball 1-0: Ball 2-0: Foul Ball, location: 2F 2-1: Ball 3-1: Called Strike 3-2: Ground out 3-1 (Groundball, 34, EV 98.1 MPH)
|
|
Batting: RHB Greg Tarnow
|
0-0: SINGLE (Line Drive, 6D, EV 99.4 MPH)
|
|
Batting: LHB John Gibbons
|
0-0: Ball 1-0: Swinging Strike 1-1: Foul Ball, location: 2F 1-2: Foul Ball, location: 2F 1-2: SINGLE (Groundball, 34D, EV 101.3 MPH) Greg Tarnow to second Runner from 2nd tries for 3rd, SAFE, no throw by RF
|
|
Batting: LHB Joe Vavra
|
0-0: Foul Ball, location: 2F 0-1: Ball 1-1: Reached on error, E5 (Groundball, 56, EV 87.5 MPH) Greg Tarnow scores John Gibbons to second
|
|
Batting: LHB John Rubel
|
0-0: Ball 1-0: Foul Ball, location: 2F 1-1: Ball 2-1: Called Strike 2-2: Strikes out swinging
|
|
Batting: LHB Thomas Krupa
|
0-0: Called Strike 0-1: Called Strike 0-2: Strikes out swinging
|
| Bottom of the 3rd over - 1 run, 2 hits, 1 error, 2 left on base; Williamsport 5 - Niagara Falls 1 |
| TOP OF THE 4TH |
|
Williamsport Greys batting - Pitching for Niagara Falls Rapids : LHP Steven Oliver
|
|
Batting: RHB Billy Loard
|
0-0: Ball 1-0: Ball 2-0: Called Strike 2-1: Ground out 1-3 (Groundball, 13S, EV 71.3 MPH)
|
|
Batting: RHB Brad Luther
|
0-0: Foul Ball, location: 2F 0-1: Ball 1-1: Ball 2-1: Ground out 1-3 (Groundball, 34S, EV 67.5 MPH)
|
|
Batting: RHB Alonzo Powell
|
0-0: Ball 1-0: DOUBLE (Flyball, 8RD, EV 91.9 MPH)
|
|
Batting: SHB Bruce Stocker
|
0-0: Ball 1-0: Foul Ball, location: 2F 1-1: Called Strike 1-2: Strikes out swinging
|
| Top of the 4th over - 0 runs, 1 hit, 0 errors, 1 left on base; Williamsport 5 - Niagara Falls 1 |
| BOTTOM OF THE 4TH |
|
Niagara Falls Rapids batting - Pitching for Williamsport Greys : LHP Ron Krauss
|
|
Batting: RHB Milo Choate
|
0-0: Called Strike 0-1: Foul Ball, location: 2F 0-2: Ball 1-2: Ball 2-2: Ball 3-2: Foul Ball, location: 2F 3-2: Base on Balls
|
|
Batting: LHB Brad Winkler
|
0-0: DOUBLE (Flyball, 89D, EV 110.0 MPH) Milo Choate to third
|
|
Batting: RHB Jeff Schaefer
|
0-0: Ground out U3 (Groundball, 34, EV 91.3 MPH) Milo Choate scores Brad Winkler to third
|
|
Batting: LHB Eric Brock
|
0-0: Called Strike 0-1: Ball 1-1: Foul Ball, location: 2F 1-2: Ground out 5-3 (Groundball, 56, EV 103.1 MPH) Brad Winkler scores
|
|
Batting: RHB Greg Tarnow
|
0-0: Swinging Strike 0-1: Ball 1-1: Ball 2-1: Ball 3-1: Foul Ball, location: 2F 3-2: Base on Balls
|
|
Batting: LHB John Gibbons
|
0-0: Called Strike 0-1: Ball 1-1: Ball 2-1: Ball 3-1: Foul Ball, location: 2F 3-2: Base on Balls Greg Tarnow to second
|
|
Batting: LHB Joe Vavra
|
0-0: Called Strike 0-1: TRIPLE (Groundball, 3D, EV 101.9 MPH) Greg Tarnow scores John Gibbons scores
|
|
Batting: LHB John Rubel
|
0-0: Foul Ball, location: 2F 0-1: Foul Ball, location: 2F 0-2: Ball 1-2: Foul Ball, location: 2F 1-2: SINGLE (Groundball, 13S, EV 73.8 MPH) (infield hit) Joe Vavra scores
|
|
Pitching: RHP Randall Trumbull
|
|
|
Batting: LHB Thomas Krupa
|
0-0: Ball 1-0: Called Strike 1-1: Foul Ball, location: 2F 1-2: Foul Ball, location: 2F 1-2: Foul Ball, location: 2F 1-2: Ball 2-2: Strikes out swinging
|
| Bottom of the 4th over - 5 runs, 3 hits, 0 errors, 1 left on base; Williamsport 5 - Niagara Falls 6 |
| TOP OF THE 5TH |
|
Williamsport Greys batting - Pitching for Niagara Falls Rapids : LHP Steven Oliver
|
|
Batting: SHB Chris Howard
|
0-0: Called Strike 0-1: Ball 1-1: Ball 2-1: Ball 3-1: SINGLE (Groundball, 6MD, EV 96.3 MPH)
|
|
Batting: RHB Rodney Martin
|
0-0: SINGLE (Line Drive, 78S, EV 111.9 MPH) Chris Howard to second
|
|
Batting: RHB Manny Rivera
|
0-0: Foul Ball, location: 2F 0-1: Foul Ball, location: 2F 0-2: Ball 1-2: TRIPLE (Line Drive, 8LXD, EV 108.1 MPH) Chris Howard scores Rodney Martin scores
|
|
Pitching: LHP Keith Walker
|
|
|
Batting: RHB Eddie Williams
|
0-0: Ball 1-0: Ball 2-0: Ball 3-0: Called Strike 3-1: Base on Balls
|
|
Batting: SHB Edwin Darling
|
0-0: Foul Ball, location: 2F 0-1: Called Strike 0-2: Strikes out swinging
|
|
Batting: RHB Billy Loard
|
0-0: Called Strike 0-1: Called Strike 0-2: Foul Ball, location: 2F 0-2: Ball 1-2: Ball 2-2: Foul Ball, location: 2F 2-2: Ball 3-2: Base on Balls Eddie Williams to second
|
|
Batting: RHB Brad Luther
|
0-0: Foul Ball, location: 2F 0-1: Ball 1-1: Ball 2-1: Ball 3-1: Foul Ball, location: 2F 3-2: Base on Balls Manny Rivera scores Eddie Williams to third Billy Loard to second
|
|
Batting: RHB Alonzo Powell
|
0-0: Ball 1-0: Ball 2-0: Swinging Strike 2-1: Foul Ball, location: 2F 2-2: Grounds into double play, 3-6-3 (Groundball, 34S, EV 84.4 MPH)
|
| Top of the 5th over - 3 runs, 3 hits, 0 errors, 2 left on base; Williamsport 8 - Niagara Falls 6 |
| BOTTOM OF THE 5TH |
|
Niagara Falls Rapids batting - Pitching for Williamsport Greys : RHP Randall Trumbull
|
|
Batting: RHB Milo Choate
|
0-0: Ball 1-0: Ball 2-0: Swinging Strike 2-1: Ground out 6-3 (Groundball, 6, EV 102.5 MPH)
|
|
Batting: LHB Brad Winkler
|
0-0: Foul Ball, location: 2F 0-1: Foul Ball, location: 2F 0-2: Ball 1-2: Ball 2-2: Strikes out looking
|
|
Batting: RHB Jeff Schaefer
|
0-0: Ball 1-0: Fly out, F7 (Flyball, 7, EV 86.9 MPH)
|
| Bottom of the 5th over - 0 runs, 0 hits, 0 errors, 0 left on base; Williamsport 8 - Niagara Falls 6 |
| TOP OF THE 6TH |
|
Williamsport Greys batting - Pitching for Niagara Falls Rapids : LHP Keith Walker
|
|
Batting: SHB Bruce Stocker
|
0-0: Called Strike 0-1: Ball 1-1: SINGLE (Line Drive, 9S, EV 105.6 MPH)
|
|
Batting: SHB Chris Howard
|
0-0: Ball 1-0: Bunted foul 1-1: Sac Bunt to 13 - play at first, batter OUT! 1-4 Bruce Stocker to second
|
|
Batting: RHB Rodney Martin
|
0-0: Ground out 5-3 (Groundball, 5, EV 80.0 MPH)
|
|
Batting: RHB Manny Rivera
|
0-0: Ground out 6-3 (Groundball, 6, EV 103.1 MPH)
|
| Top of the 6th over - 0 runs, 1 hit, 0 errors, 1 left on base; Williamsport 8 - Niagara Falls 6 |
| BOTTOM OF THE 6TH |
|
Niagara Falls Rapids batting - Pitching for Williamsport Greys : RHP Randall Trumbull
|
|
Batting: LHB Eric Brock
|
0-0: Ball 1-0: Ball 2-0: Foul Ball, location: 2F 2-1: Ball 3-1: Base on Balls
|
|
Batting: RHB Greg Tarnow
|
0-0: Called Strike 0-1: Ball 1-1: Sac Bunt to 3S - play at first, batter OUT! 3-4 Eric Brock to second
|
|
Batting: LHB John Gibbons
|
0-0: Called Strike 0-1: Ball 1-1: Ground out 4-3 (Groundball, 4, EV 88.1 MPH) Eric Brock to third
|
|
Batting: LHB Joe Vavra
|
0-0: Called Strike 0-1: Ball 1-1: Foul Ball, location: 2F 1-2: Strikes out swinging
|
| Bottom of the 6th over - 0 runs, 0 hits, 0 errors, 1 left on base; Williamsport 8 - Niagara Falls 6 |
| TOP OF THE 7TH |
|
Williamsport Greys batting - Pitching for Niagara Falls Rapids : LHP Keith Walker
|
|
Batting: RHB Eddie Williams
|
0-0: Ball 1-0: Swinging Strike 1-1: Foul Ball, location: 2F 1-2: Ball 2-2: Fly out, F8 (Flyball, 8LXD, EV 99.4 MPH)
|
|
Batting: SHB Edwin Darling
|
0-0: Called Strike 0-1: Ball 1-1: Foul Ball, location: 2F 1-2: Foul Ball, location: 2F 1-2: SINGLE (Flyball, 3D, EV 96.3 MPH) - OUT at second base trying to stretch hit.
|
|
Batting: RHB Billy Loard
|
0-0: Ball 1-0: Swinging Strike 1-1: Called Strike 1-2: Strikes out swinging
|
| Top of the 7th over - 0 runs, 1 hit, 0 errors, 0 left on base; Williamsport 8 - Niagara Falls 6 |
| BOTTOM OF THE 7TH |
|
Niagara Falls Rapids batting - Pitching for Williamsport Greys : RHP Randall Trumbull
|
|
Batting: LHB John Rubel
|
0-0: Swinging Strike 0-1: Reached on error, E9 (Flyball, 9, EV 88.1 MPH)
|
|
Batting: LHB Thomas Krupa
|
0-0: Called Strike 0-1: Ball 1-1: Ball 2-1: Swinging Strike 2-2: Foul Ball, location: 2F 2-2: Grounds into double play, 6-4-3 (Groundball, 6, EV 103.8 MPH)
|
|
Batting: RHB Milo Choate
|
0-0: Called Strike 0-1: Called Strike 0-2: Ball 1-2: Fly out, F8 (Flyball, 8RS, EV 93.1 MPH)
|
| Bottom of the 7th over - 0 runs, 0 hits, 1 error, 0 left on base; Williamsport 8 - Niagara Falls 6 |
| TOP OF THE 8TH |
|
Williamsport Greys batting - Pitching for Niagara Falls Rapids : LHP Keith Walker
|
|
Batting: RHB Brad Luther
|
0-0: Called Strike 0-1: Ball 1-1: Ball 2-1: Called Strike 2-2: Ground out 4-3 (Groundball, 4, EV 81.9 MPH)
|
|
Batting: RHB Alonzo Powell
|
0-0: Swinging Strike 0-1: Ball 1-1: Swinging Strike 1-2: Ball 2-2: Foul Ball, location: 2F 2-2: Strikes out swinging
|
|
Batting: SHB Bruce Stocker
|
0-0: Ball 1-0: Called Strike 1-1: Ball 2-1: Foul Ball, location: 2F 2-2: SINGLE (Groundball, 34D, EV 102.5 MPH)
|
|
Pitching: LHP Wilberto Rohena
|
|
|
Batting: SHB Chris Howard
|
0-0: Ball 1-0: Ball 2-0: Called Strike 2-1: Called Strike 2-2: Strikes out swinging
|
| Top of the 8th over - 0 runs, 1 hit, 0 errors, 1 left on base; Williamsport 8 - Niagara Falls 6 |
| BOTTOM OF THE 8TH |
|
Niagara Falls Rapids batting - Pitching for Williamsport Greys : RHP Randall Trumbull
|
|
Batting: LHB Brad Winkler
|
0-0: Ball 1-0: Called Strike 1-1: Ball 2-1: Foul Ball, location: 2F 2-2: Fly out, F8 (Flyball, 8RS, EV 91.3 MPH)
|
|
Batting: RHB Jeff Schaefer
|
0-0: Ground out 4-3 (Groundball, 34D, EV 101.3 MPH)
|
|
Batting: LHB Eric Brock
|
0-0: Called Strike 0-1: Ball 1-1: Called Strike 1-2: Ball 2-2: Ball 3-2: Foul Ball, location: 2F 3-2: Ground out 4-3 (Groundball, 34, EV 86.9 MPH)
|
| Bottom of the 8th over - 0 runs, 0 hits, 0 errors, 0 left on base; Williamsport 8 - Niagara Falls 6 |
| TOP OF THE 9TH |
|
Williamsport Greys batting - Pitching for Niagara Falls Rapids : LHP Wilberto Rohena
|
|
Batting: RHB Rodney Martin
|
0-0: Ball 1-0: Swinging Strike 1-1: Foul Ball, location: 2F 1-2: Ball 2-2: Strikes out swinging
|
|
Batting: RHB Manny Rivera
|
0-0: Ball 1-0: Ground out 3-1 (Groundball, 34, EV 89.4 MPH)
|
|
Batting: RHB Eddie Williams
|
0-0: Called Strike 0-1: Fly out, F8 (Flyball, 8LM, EV 87.5 MPH)
|
| Top of the 9th over - 0 runs, 0 hits, 0 errors, 0 left on base; Williamsport 8 - Niagara Falls 6 |
| BOTTOM OF THE 9TH |
|
Niagara Falls Rapids batting - Pitching for Williamsport Greys : RHP Randall Trumbull
|
|
Pitching: LHP Pedro Lopez
|
|
|
Batting: RHB Greg Tarnow
|
0-0: Ball 1-0: SINGLE (Groundball, 4MD, EV 94.4 MPH)
|
|
Pinch Hitting: RHB Robert O'Connor
|
0-0: Ball 1-0: Ball Wild Pitch! Greg Tarnow to second 2-0: Ball 3-0: Called Strike 3-1: Called Strike 3-2: Foul Ball, location: 2F 3-2: Fly out, F4 (Popup, 23, EV 86.3 MPH)
|
|
Batting: LHB Joe Vavra
|
0-0: Foul Ball, location: 2F 0-1: Swinging Strike 0-2: SINGLE (Groundball, 4MD, EV 102.5 MPH) Greg Tarnow to third
|
|
Batting: LHB John Rubel
|
0-0: Called Strike 0-1: Foul Ball, location: 2F 0-2: Ball 1-2: Ball 2-2: Foul Ball, location: 2F 2-2: SINGLE (Groundball, 6MD, EV 103.1 MPH) Greg Tarnow scores Joe Vavra to second Runner from 2nd tries for 3rd, SAFE, no throw by CF
|
|
Batting: RHB Dennis Cleveland
|
0-0: Ball 1-0: Called Strike 1-1: Ball 2-1: Ground out 5-3 (Groundball, 56S, EV 63.8 MPH) John Rubel to second
|
|
Batting: RHB Milo Choate
|
0-0: Intentional Walk
|
|
Batting: LHB Brad Winkler
|
0-0: Foul Ball, location: 2F 0-1: SINGLE (Groundball, 4, EV 98.8 MPH) Joe Vavra scores John Rubel to third Milo Choate to second Runner from 3rd tries for Home, SAFE, throw by CF to home
|
| Bottom of the 9th over - 3 runs, 4 hits, 0 errors, 0 left on base; Williamsport 8 - Niagara Falls 9 |
|